 Dungeon Crawl Stone Soup version 0.27-a0-1431-gcffa5a9b16 (webtiles) character file.

Game seed: 11376046857985935376

775 flotson the Covert (level 7, -11/48 HPs)
             Began as an Octopode Brigand on July 3, 2021.
             Was an Initiate of Gozag.
             Mangled by an ice beast (13 damage)
             ... on level 5 of the Dungeon.
             The game lasted 00:06:42 (4858 turns).

flotson the Covert (Octopode Brigand)               Turns: 4858, Time: 00:06:44

Health: -11/48     AC:  1    Str: 12    XL:     7   Next: 84%
Magic:  7/7        EV: 14    Int: 13    God:    Gozag
Gold:   186        SH:  5    Dex: 14    Spells: 6/6 levels left

rFire    . . .     SeeInvis .   a - +2 dagger (venom)
rCold    . . .     Faith    .   (no shield)
rNeg     + . .     Spirit   .   (helmet restricted)
rPois    .         Reflect  +   g - amulet of reflection
rElec    .         Harm     .   j - ring of willpower
rCorr    .         Rampage  .   x - ring of positive energy
Will     +....                  (no ring)
Stlth    +++++.....             (no ring)
HPRegen  0.16/turn              (no ring)
MPRegen  0.10/turn              (no ring)
                                (no ring)
                                (no ring)

@: brilliant, flying
A: almost no armour, amphibious, 8 rings, camouflage 1, gelatinous body 1,
(nimble swimmer 1), tentacles
a: Renounce Religion, Potion Petition, Call Merchant, Bribe Branch


You were on level 5 of the Dungeon.
You worshipped Gozag.
Gozag was aware of your devotion.
You visited 2 branches of the dungeon, and saw 6 of its levels.

You collected 209 gold pieces.
You paid 23 gold pieces to Gozag.

Inventory:

Hand Weapons
 a - a +2 dagger of venom (weapon)
 b - a +1 hunting sling of freezing
Missiles
 c - 2 curare-tipped darts
 u - 42 sling bullets
 v - 31 poisoned darts (quivered)
 z - 9 boomerangs
Jewellery
 g - an amulet of reflection (around mantle)
 j - a ring of willpower (left tentacle)
 x - a ring of positive energy (right tentacle)
Wands
 s - a wand of flame (24)
Scrolls
 e - 3 scrolls of enchant armour {unknown}
 f - a scroll of noise {unknown}
 k - 2 scrolls of identify {unknown}
 o - a scroll of fear {unknown}
 p - 2 scrolls of blinking {unknown}
 q - a scroll of magic mapping {unknown}
 r - a scroll of torment {unknown}
 t - 2 scrolls of teleportation {unknown}
 y - a scroll of amnesia {unknown}
Potions
 d - 2 potions of brilliance
 h - a potion of flight
 i - a potion of mutation {unknown}
 l - a potion of might {unknown}
 m - a potion of attraction {unknown}
 n - a potion of berserk rage {unknown}
 w - a potion of invisibility {unknown}


   Skills:
 + Level 4.3 Fighting
 - Level 2.6 Short Blades
 + Level 4.3 Throwing
 + Level 3.8 Dodging
 + Level 8.6 Stealth


You had 6 spell levels left.
You didn't know any spells.
Your spell library contained the following spells:

 Spells                   Type           Power      Damage    Failure   Level
 Shock                    Conj/Air       0%         1d3       30%         1
 Static Discharge         Conj/Air       0%         N/A       43%         2
 Gell's Gravitas          Tloc           0%         N/A       67%         3
 Inner Flame              Hex/Fire       0%         N/A       67%         3
 Lesser Beckoning         Tloc           0%         N/A       67%         3
 Swiftness                Air            0%         N/A       67%         3
 Teleport Other           Tloc           0%         N/A       67%         3
 Airstrike                Air            0%         N/A       97%         4
 Cause Fear               Hex            0%         N/A       97%         4
 Lightning Bolt           Conj/Air       0%         1d11      100%        5
 Discord                  Hex            0%         N/A       100%        8
 Maxwell's Capacitive Co  Air            0%         ∞         100%        8


Dungeon Overview and Level Annotations

Branches:
Dungeon (5/15)             Temple (1/1) D:4

Altars:
Dithmenos
Gozag
Hepliaklqana
Nemelex Xobeh
Zin
The Shining One


Innate Abilities, Weirdness & Mutations

You cannot wear most types of armour.
You are amphibious.
You can wear up to eight rings at the same time.
Your skin changes colour to match your surroundings (Stealth+).
Your rubbery body absorbs attacks. (AC +1, EV +1)
((You are camouflaged near water. (Stealth+)))
You have tentacles for arms and can constrict up to eight enemies at once.


Message History

The ice beast is moderately wounded.
The ice beast hits you. The ice beast freezes you.
You hit the ice beast but do no damage. You squeeze the ice beast.
The ice beast is heavily wounded.
The ice beast hits you.
* * * LOW HITPOINT WARNING * * *
The ice beast freezes you!
* * * LOW HITPOINT WARNING * * *
There is a stone staircase leading up here.
It was a potion of brilliance.
You feel clever all of a sudden. The ice beast misses you.
It was a potion of flight.
You feel very buoyant.
You fly up into the air.
The ice beast hits you but does no damage.
Okay, then.
Unknown command.
Okay, then.
You see here 11 gold pieces.
You see here 12 sling bullets.
Okay, then.
Unknown command.
You hit the ice beast.
The ice beast is heavily wounded.
The ice beast barely misses you.
You closely miss the ice beast.
The ice beast is heavily wounded.
The ice beast misses you.
Found a stone staircase leading up.
Found 11 gold pieces.
Found a stone staircase leading down.
There is a stone staircase leading up here.
You closely miss the ice beast.
The ice beast is heavily wounded.
The ice beast hits you.
* * * LOW HITPOINT WARNING * * *
The ice beast freezes you!
You die...
Your body crumbles into a pile of gold.

$ +.... #...>......
#.... #......... #....
#........ #....
#.$.....#+#######....
#.......#......#.>... $
#.......#......##....
#.......#......##....
#...@...#............
#...Y...#(...........
#.......#......[[.... $
#.......+............
#.......###+#####....
#.......#......##....
###.......#............
..........#............
...........#............


You could see an ice beast.

Vanquished Creatures
  Sigmund (D:2)
  2 ogres
  3 scorpions (D:4)
  An orc priest (D:5)
  An iguana (D:3)
  An orc wizard (D:5)
  Robin (D:3)
  A gnoll (D:3)
  6 adders
  A worm (D:4)
  A dart slug (D:3)
  8 orcs
  5 bats
  4 endoplasms
  3 giant cockroaches
  19 goblins
  15 hobgoblins
  12 jackals
  3 quokkas
  4 ball pythons
  3 frilled lizards
  7 kobolds
  8 rats
110 creatures vanquished.

Notes
Turn   | Place    | Note
-------+----------+-------------------------------------------
     0 | D:1      | flotson the Octopode Brigand began the quest for the Orb.
     0 | D:1      | Reached XP level 1. HP: 14/14 MP: 1/1
   247 | D:1      | Reached XP level 2. HP: 16/19 MP: 2/2
   330 | D:1      | Reached skill level 6 in Stealth
   740 | D:1      | Reached XP level 3. HP: 24/24 MP: 3/3
  1230 | D:1      | Found a faded altar of an unknown god.
  1666 | D:2      | Reached XP level 4. HP: 29/29 MP: 4/4
  1888 | D:2      | Noticed Sigmund
  1891 | D:2      | Killed Sigmund
  1892 | D:2      | Reached skill level 7 in Stealth
  1892 | D:2      | Reached XP level 5. HP: 36/36 MP: 5/5
  1975 | D:2      | Found a sparkling altar of Nemelex Xobeh.
  2165 | D:2      | Reached XP level 6. HP: 41/42 MP: 6/6
  2602 | D:3      | Noticed Robin
  3258 | D:3      | Killed Robin
  3769 | D:4      | Reached skill level 8 in Stealth
  3769 | D:4      | Reached XP level 7. HP: 47/47 MP: 7/7
  3846 | D:4      | Found a staircase to the Ecumenical Temple.
  3855 | Temple   | Entered the Ecumenical Temple
  3905 | Temple   | Became a worshipper of Gozag Ym Sagoz the Greedy
  4344 | D:5      | Entered Level 5 of the Dungeon
  4836 | D:5      | HP: 1/48 [ice beast (12)]
  4858 | D:5      | HP: 2/48 [ice beast (2)]
  4858 | D:5      | Mangled by an ice beast

Illustrated notes

Levels and vault maps discovered:
D:1:      mainiacjoe_arrival_reflecting_pool, layout_rooms,
          dilly_ecumenical_altar_fadedgnrine, hex_large, serial_bayou_pond_e
D:2:      layout_basic, basic_altar, uniq_sigmund
D:3:      minmay_diamond_boxcup, layout_loops_ring, uniq_robin
D:4:      layout_gridville, temple_pool_b, corexii_hall_statues_u,
          kennysheep_cross_room
D:5:      layout_gridville, kennysheep_flooded_box
Temple:   hc_temple_tempest_star

Skill      XL: |  1  2  3  4  5  6  7 |
---------------+----------------------+-----
Stealth        | 6 7 8 |  8.6
Fighting       | 3 4 |  4.3
Throwing       | 3 4 |  4.3
Dodging        | 2 3 |  3.8
Short Blades   | |  2.6

Action                   |  1- 3 |  4- 6 |  7- 9 || total
-------------------------+-------+-------+-------++-------
Melee: Dagger            |    76 |   103 |    40 ||   219
       Constrict         |    15 |    25 |     6 ||    46
       Tentacles         |     8 |    19 |     8 ||    35
 Fire: Hunting sling     |       |     9 |     9 ||    18
Throw: Dart              |       |       |     1 ||     1
  Use: Potion            |       |       |     2 ||     2
 Stab: Sleeping          |    10 |    23 |     2 ||    35
Armor: Skin              |     4 |     3 |     1 ||     8
Dodge: Dodged            |    35 |    38 |    17 ||    90
Block: Other             |     2 |    20 |     1 ||    23

Table legend: (Time is in decaauts)
 A = Elapsed time spent in this place.
 B = Non-inter-level travel time spent in this place.
 C = Inter-level travel time spent in this place.
 D = Time resting spent in this place.
 E = Time spent auto-exploring this place.
 F = Levels seen in this place.
 G = Mean time per level.
                   A        B        C        D        E       F      G
               +--------+--------+--------+--------+--------+-----+--------+
         Total |   4828 |   4524 |    304 |      0 |   3825 |   6 |  804.7 |
       Dungeon |   4762 |   4474 |    288 |      0 |   3781 |   5 |  952.4 |
        Temple |     66 |     50 |     16 |      0 |     44 |   1 |   66.0 |
               +--------+--------+--------+--------+--------+-----+--------+

Top non-repeatable levels by time:
     D:1: 1324 daAuts
     D:3: 1272 daAuts
     D:2: 1002 daAuts
     D:4: 712 daAuts
     D:5: 450 daAuts
  Temple: 66 daAuts
